AoeStats
← Blyatman

Arena

509938332Analyzed
2v2 RM · 4d ago on Sep 28, 2026· 17m 6s· 4 players
Game mode
Random Map
Map size
Medium (4 player)
Population
200
Speed
Normal
Resources
Standard
Victory
Conquest
Starting age
Dark Age
Ending age
Imperial Age
RankedLock teamsTeams togetherTeam positionsShared explorationLock speedFull tech treeHidden civsTurbo modeCheats
Victory
Defeat
🇫🇷 Malians · France
1227
+16
🇫🇷 Poles · France
1166
+19
🇩🇪 Spanish · Germany
1267
-19
🇩🇪 Britons · Germany
1199
-16
Mickasator
10:04 Feudal Age
14:08 Castle Age
12:26 Double-Bit Axe
13:08 Horse Collar
14:08 Scale Mail Armor
15:11 Bow Saw
aliga
10:54 Feudal Age
15:22 Castle Age
13:15 Horse Collar
13:45 Double-Bit Axe
16:17 Heavy Plow
16:32 Bow Saw
17:21 Loom
Blyatman
10:31 Feudal Age
14:41 Castle Age
12:50 Double-Bit Axe
13:10 Horse Collar
13:42 Loom
Mo...
10:44 Feudal Age
14:53 Castle Age
13:05 Double-Bit Axe
14:13 Fletching
14:29 Gold Mining
15:40 Loom
16:28 Bodkin Arrow
Connection lost

Rejoining the realm…

Still unreachable

The connection could not be restored.

Session expired

The server has moved on; the page needs a fresh start.